AoeStats
← 根本赢不了

Golden Pit

510144791Analyzed
1v1 RM · 2d ago on Sep 29, 2026· 20m 58s· 2 players
Game mode
Random Map
Map size
Tiny (2 player)
Population
200
Speed
Normal
Resources
Standard
Victory
Conquest
Starting age
Dark Age
Ending age
Imperial Age
RankedLock teamsTeams togetherTeam positionsShared explorationLock speedFull tech treeHidden civsTurbo modeCheats
Victory
Defeat
🇨🇳 Japanese · China
1000
+45
🇭🇺 Aztecs · Hungary
974
-15
根本赢不了
9:37 Feudal Age
9:54 Man-at-Arms
10:01 Man-at-Arms
10:50 Arson
12:08 Double-Bit Axe
12:05 Horse Collar
13:12 Loom
17:46 Wheelbarrow
17:58 Fletching
20:39 Castle Age
19:24 Padded Archer Armor
20:45 Crossbowman
21:21 Bodkin Arrow
eegyuri1987
7:05 Loom
12:12 Feudal Age
13:51 Man-at-Arms
Connection lost

Rejoining the realm…

Still unreachable

The connection could not be restored.

Session expired

The server has moved on; the page needs a fresh start.